 Dungeon Crawl Stone Soup version 0.27.0-1-g7a089689b8 (webtiles) character file.

Game seed: 15546375827324525632

142187 hilljack the Peltast (level 16, -1/145 HPs)
             Began as a Minotaur Gladiator on Aug 15, 2021.
             Was the Champion of the Shining One.
             Succumbed to a naga ritualist's toxic radiance
             ... on level 1 of the Snake Pit.
             The game lasted 01:13:18 (36410 turns).

hilljack the Peltast (Minotaur Gladiator)          Turns: 36410, Time: 01:13:19

Health: -1/145     AC: 26    Str: 23    XL:     16   Next: 79%
Magic:  23/23      EV: 19    Int:  5    God:    the Shining One [******]
Gold:   2174       SH: 17    Dex: 17    Spells: 15/15 levels left

rFire    . . .     SeeInvis .   W - +7 trishula (holy)
rCold    . . .     Faith    .   Q - +3 kite shield of Indomitability {Contam rN+ Will+}
rNeg     + + +     Spirit   .   U - +4 chain mail "Ucwa" {rN+}
rPois    .         Reflect  .   c - +0 hat
rElec    .         Harm     .   k - +1 cloak
rCorr    .         Rampage  .   r - +0 pair of gloves
Will     ++...                  g - +0 pair of boots
Stlth    ..........             N - amulet of the acrobat
HPRegen  0.34/turn              m - +4 ring of evasion
MPRegen  0.18/turn              x - ring of Ciygowk {Fly rN+}

@: lethally poisoned (-1 -> -27), flying, slowed, glowing, very slow
A: horns 2, retaliatory headbutt, iridescent scales 2, camouflage 1, strong 1
a: Renounce Religion, Divine Shield, Cleansing Flame, Summon Divine Warrior


You were on level 1 of the Snake Pit.
You worshipped the Shining One.
The Shining One was exalted by your worship.
You visited 6 branches of the dungeon, and saw 29 of its levels.
You also visited: Ice Cave and Volcano.

You collected 2740 gold pieces.
You spent 566 gold pieces at shops.

Inventory:

Hand Weapons
 W - a +7 trishula of holy wrath (weapon)
Missiles
 a - 23 boomerangs
 b - a throwing net
 d - 7 javelins
 w - 66 poisoned darts (quivered)
 G - 11 silver boomerangs
 J - 2 silver javelins
 V - 6 boomerangs of dispersal
Armour
 c - a +0 hat (worn)
 g - a +0 pair of boots (worn)
 k - a +1 cloak (worn)
 r - a +0 pair of gloves (worn)
 v - a +2 kite shield of cold resistance
 D - a +3 chain mail of fire resistance
 Q - the +3 kite shield of Indomitability (worn) {Contam rN+ Will+}
   (You found it on level 12 of the Dungeon)

   rN:        It protects you from negative energy.
   Contam:    It causes magical contamination when unequipped.
   Will:      It increases your willpower.
 U - the +4 chain mail "Ucwa" (worn) {rN+}
   (You found it on level 11 of the Dungeon)

   rN:        It protects you from negative energy.
Jewellery
 h - the ring of the Genius {Wiz rF++}
   (You acquired it on level 3 of the Dungeon)

   [ring of wizardry]

   It improves your spell success rate.
   rF:        It greatly protects you from fire.
 m - a +4 ring of evasion (left hand)
 u - a +4 ring of evasion
 x - the ring of Ciygowk (right hand) {Fly rN+}
   (You found it in an ice cave)

   [ring of positive energy]

   rN:        It protects you from negative energy.
   Fly:       It grants you flight.
 K - a +6 ring of strength
 N - an amulet of the acrobat (around neck)
Wands
 o - a wand of iceblast (35)
 q - a wand of flame (26)
 s - a wand of paralysis (12)
 t - a wand of acid (10)
 y - a wand of digging (8)
 F - a wand of mindburst (10)
 T - a wand of charming (22)
Scrolls
 n - 3 scrolls of magic mapping
 p - 7 scrolls of teleportation
 C - 3 scrolls of amnesia
 L - 2 scrolls of blinking
 O - 3 scrolls of fear
 P - 9 scrolls of identify
 R - 4 scrolls of immolation
 S - 2 scrolls of fog
 X - a scroll of brand weapon
Potions
 e - 11 potions of curing
 f - 2 potions of heal wounds
 i - a potion of attraction
 j - 2 potions of brilliance
 l - 2 potions of mutation
 z - a potion of haste
 A - 2 potions of cancellation
 B - 4 potions of magic
 H - a potion of ambrosia
 I - 3 potions of berserk rage
 M - 2 potions of might
Miscellaneous
 E - a tin of tremorstones (2/2)


   Skills:
 + Level 13.8 Fighting
 - Level 14.0 Polearms
 - Level 11.2 Throwing
 + Level 13.7 Armour
 + Level 13.1 Dodging
 - Level 15.0 Shields
 + Level 11.0 Invocations
 + Level 3.5 Evocations


You had 15 spell levels left.
You didn't know any spells.
Your spell library contained the following spells:

 Spells                   Type           Power      Damage    Failure   Level
 Animate Skeleton         Necr           0%         N/A       94%         1
 Apportation              Tloc           0%         N/A       94%         1
 Beastly Appendage        Tmut           0%         N/A       94%         1
 Corona                   Hex            0%         N/A       94%         1
 Pain                     Necr           0%         1d4       94%         1
 Shock                    Conj/Air       0%         1d3       94%         1
 Sting                    Tmut/Pois      0%         1d3       94%         1
 Summon Small Mammal      Summ           0%         N/A       94%         1
 Ensorcelled Hibernation  Hex/Ice        0%         N/A       98%         2
 Poisonous Vapours        Pois/Air       0%         N/A       98%         2
 Sublimation of Blood     Necr           0%         N/A       98%         2
 Wereblood                Tmut           0%         N/A       98%         2
 Dazzling Flash           Conj/Hex       0%         N/A       100%        3
 Gell's Gravitas          Tloc           0%         N/A       100%        3
 Mephitic Cloud           Conj/Pois/Air  0%         N/A       100%        3
 Stone Arrow              Conj/Erth      0%         3d7       100%        3
 Swiftness                Air            0%         N/A       100%        3
 Teleport Other           Tloc           0%         N/A       100%        3
 Tukima's Dance           Hex            0%         N/A       100%        3
 Vampiric Draining        Necr           0%         2d6       100%        3
 Airstrike                Air            0%         N/A       100%        4
 Iskenderun's Mystic Bla  Conj/Tloc      0%         2d3       100%        4
 Olgreb's Toxic Radiance  Pois           0%         N/A       100%        4
 Passage of Golubria      Tloc           N/A        N/A       100%        4
 Lightning Bolt           Conj/Air       0%         1d11      100%        5
 Silence                  Hex/Air        0%         N/A       100%        5
 Dispersal                Tloc           0%         N/A       100%        6
 Starburst                Conj/Fire      0%         8x6d3     100%        6
 Storm Form               Tmut/Air       0%         N/A       100%        7
 Summon Hydra             Summ           0%         N/A       100%        7
 Lehudib's Crystal Spear  Conj/Erth      0%         10d2      100%        8


Dungeon Overview and Level Annotations

Branches:
Dungeon (15/15)            Temple (1/1) D:5            Lair (6/6) D:8
 Shoals (4/4) Lair:3        Snake (1/4) Lair:4        Slime (0/5) Lair:6
    Orc (2/2) D:11            Elf (0/3) Orc:2        Vaults (0/5) D:13
 Depths (0/5) D:15          IceCv (visited)         Volcano (visited)

Altars:
Ashenzari
Cheibriados
Dithmenos
Elyvilon
Fedhas
Gozag
Hepliaklqana
Kikubaaqudgha
Makhleb
Nemelex Xobeh
Okawaru
Qazlal
Ru
Sif Muna
Trog
Uskayaw
Vehumet
Wu Jian
Xom
Yredelemnul
Zin
The Shining One
Beogh

Shops:
D:2 !   D:5 [[   D:6 !   D:8 *   D:9 *   D:14 =   Orc:2 ?:*(

Portals:
Pandemonium: Orc:2

Annotations:
Lair:1 exclusion: 2 oklob plants
Shoals:2 exclusion: 2 oklob plants


Innate Abilities, Weirdness & Mutations

You have a pair of horns on your head.
You reflexively headbutt those who attack you in melee.
You are mostly covered in iridescent scales. (AC +4)
Your skin changes colour to match your surroundings (Stealth+).
Your muscles are strong. (Str +2)


Message History

The naga ritualist spits poison at you. You block the splash of poison.
The naga mage hits you from afar with a +0 halberd!!
* * * LOW HITPOINT WARNING * * *
You feel much better.
You feel extremely sick.
* * * LOW HITPOINT WARNING * * *
You are more poisoned.
The salamander barely misses you.
A mana viper comes into view.
The naga sharpshooter shoots an arrow.
The arrow hits you but does no damage. The naga warrior spits poison at you.
The splash of poison hits you but does no damage.
You are more poisoned.
The naga warrior constricts you. You block the naga mage's attack.
A naga comes into view. It is wielding a +0 halberd.
The naga sharpshooter unwields a +0 war axe.
The naga sharpshooter wields a +0 arbalest.
The naga sharpshooter gestures wildly while chanting.
The naga sharpshooter magically shoots a bolt.
You block the bolt. You block the salamander's attack.
The salamander closely misses you.
The naga sharpshooter shoots an arrow.
The arrow hits you!
* * * LOW HITPOINT WARNING * * *
As you read the scroll of fear, it crumbles to dust.
You assume a fearsome visage.
The salamander looks frightened!
The naga ritualist looks frightened!
The salamander looks frightened!
The naga mage looks frightened!
The mana viper resists with some effort.
The naga warrior looks frightened!
The naga sharpshooter looks frightened! x2
The naga looks frightened!
* * * LOW HITPOINT WARNING * * *
You feel extremely sick.
The mana viper hisses angrily.
* * * LOW HITPOINT WARNING * * *
You are more poisoned.
* * * LOW HITPOINT WARNING * * *
You are more poisoned.
The naga warrior loses its grip on you.
You die...

***,***,≈≈≈,,,,***,,,**, ****
*#..[###.......#**,,,,**, ,,,***
*...........#...,,,,,,,,,
,,,,,****...............,,,,,***,
,,,,,,,,,.............#.,,_,,,,,,
,,,,,**,,....N..........,,,,,,,,*
******,,,...........?.^.,,,,,,,**
,,****,,,...#...........,,,**,**,
,,,,,,,,,.N.SNN†@.......***,,**,,
,,,*,,*,,.....#.........,,,,**,,,
,,,,,,,,,...,.N....#....*****,,,,
,,,,,,*,,.,..NN......###****,,8,,
,,,,,,,,,...$....#####,8,**,,,,,,
,,,,,,,,,.........,**,,,,,*,,,,,,
*,,,,,,**#.####...,**8,>,,+,8,>,8
,,,,*****..,* #...,**,,,,,*,,,,,,
*,,,***,,,,,***,,,****,8,**,,,,,,


You could see a naga warrior (fleeing), 2 naga sharpshooters, 2 salamanders, a
naga ritualist (strong, toxic aura, curare, fleeing, catching breath), a mana
viper and a naga mage (strong, fleeing).

Vanquished Creatures
  Rupert (Lair:6)
  Kirke (D:12)
  An orc warlord (Orc:2)
  Nessos (Lair:6)
  An ettin (Orc:2)
  Josephine (D:11)
  3 merfolk impalers
  A great orb of eyes (D:15)
  5 hydras
  A rakshasa (D:15)
  3 boulder beetles
  Erolcha (D:9)
  A catoblepas (Lair:6)
  4 vault guards (D:13)
  2 merfolk aquamancers
  6 centaur warriors
  A death knight (D:10)
  Erica (Lair:2)
  2 alligator snapping turtles
  3 merfolk avatars
  2 anacondas (Snake:1)
  5 two-headed ogres
  6 death yaks (D:8)
  A tengu warrior (D:15)
  A soul eater (Orc:2)
  3 orc high priests (Orc:2)
  A sun demon (Orc:1)
  5 skeletal warriors (D:15)
  9 sea snakes
  2 harpies (Shoals:1)
  2 wizards (D:13)
  Pikel (D:9)
  A necromancer (IceCv)
  6 orc knights
  A mana viper (Lair:4)
  A wolf spider (Lair:6)
  3 deep elf pyromancers
  A cyclops (shapeshifter) (D:15)
  A salamander (Volcano)
  5 orc sorcerers (Orc:2)
  8 fauns
  8 manticores
  4 elephants (Lair:4)
  8 cyclopes
  8 ugly things
  A guardian serpent (Lair:6)
  7 merfolk sirens
  11 black mambas
  2 water nymphs
  An ice statue (IceCv)
  A gargoyle (D:10)
  A smoke demon (Orc:2)
  5 rime drakes
  2 unseen horrors
  5 komodo dragons
  17 cane toads
  An efreet (D:15)
  3 kobold demonologists
  13 ice devils (IceCv)
  3 yaktaurs (D:13)
  Psyche (D:9)
  A tengu conjurer (D:15)
  2 anaconda simulacra (IceCv)
  A freezing wraith (IceCv)
  2 entropy weaver simulacra (IceCv)
  A queen bee (shapeshifter) (D:14)
  A meliai (shapeshifter) (D:15)
  2 polar bears
  A wind drake (Shoals:1)
  9 trolls
  20 blink frogs
  4 hornets
  12 merfolk
  Prince Ribbit (D:9)
  11 slime creatures
  2 dream sheep (Shoals:4)
  10 snapping turtles
  A ynoxinul (D:10)
  A shadow (D:11)
  14 wyverns
  A yak (shapeshifter) (D:14)
  2 vampires
  A wyvern (shapeshifter) (D:13)
  A centaur simulacrum (D:11)
  4 water elementals
  8 wraiths
  A dire elephant simulacrum (IceCv)
  3 redbacks (Lair:6)
  A hog (D:12)
  22 yaks
  Eustachio (D:6)
  4 basilisks
  A fire bat (Volcano)
  A basilisk (shapeshifter) (D:15)
  2 neqoxecs (Orc:2)
  6 death yak simulacra (IceCv)
  Grum (D:8)
  10 vampire mosquitoes
  2 harpy simulacra (IceCv)
  2 nagas (Lair:4)
  3 wargs
  18 water moccasins
  2 hell hounds (Volcano)
  A meliai simulacrum (D:14)
  An ice beast (D:5)
  A sky beast (D:7)
  25 wolves
  39 orc warriors
  3 black bears
  8 ogres
  3 necrophages
  21 centaurs
  A phantom (D:11)
  A kobold brigand (D:11)
  13 bullfrogs
  A two-headed ogre simulacrum (IceCv)
  2 scorpions
  A water moccasin skeleton (D:5)
  A wyvern skeleton (D:5)
  3 elephant simulacra (IceCv)
  7 wights
  3 killer bees (D:8)
  A howler monkey (D:13)
  An electric eel (Lair:2)
  6 centaur zombies
  A hound (D:7)
  13 jellies (Lair:6)
  A gnoll shaman (D:7)
  26 orc priests
  2 centaur skeletons
  An iguana (D:6)
  23 orc wizards
  8 polar bear simulacra (IceCv)
  A spriggan simulacrum (IceCv)
  A troll simulacrum (IceCv)
  3 wolf simulacra (IceCv)
  8 ogre zombies (D:11)
  10 adders
  4 gnolls (D:7)
  2 naga simulacra (IceCv)
  2 howler monkey skeletons
  2 white imps
  An adder skeleton (D:5)
  2 worms (D:4)
  2 dart slugs
  81 orcs
  3 ball pythons
  2 bats (D:2)
  5 endoplasms
  5 giant cockroaches
  2 goblins (D:4)
  2 hobgoblins
  5 quokkas
  2 goblin skeletons (D:11)
  3 goblin zombies (D:11)
  A hobgoblin skeleton (D:11)
  A hobgoblin zombie (D:11)
  A jackal skeleton (D:4)
  10 kobolds
  2 orc skeletons (D:11)
  16 orc zombies (D:11)
  2 rats (D:1)
  A fire vortex (Lair:1)
800 creatures vanquished.

Vanquished Creatures (collateral kills)
  3 orc high priests (Orc:2)
  A gelid demonspawn (Orc:2)
  An infernal demonspawn (Orc:2)
  A torturous demonspawn (Orc:2)
  An orc knight (Orc:2)
  An orc sorcerer (Orc:2)
  A ynoxinul (Orc:2)
9 creatures vanquished.

Vanquished Creatures (others)
  A human (D:12)
  A centaur (D:12)
  An orc priest (Orc:2)
  6 fungi
  24 plants
33 creatures vanquished.

Grand Total: 842 creatures vanquished

Notes
Turn   | Place    | Note
-------+----------+-------------------------------------------
     0 | D:1      | hilljack the Minotaur Gladiator began the quest for the
                  | Orb.
     0 | D:1      | Reached XP level 1. HP: 18/18 MP: 0/0
   284 | D:1      | Found a faded altar of an unknown god.
   990 | D:2      | Reached XP level 2. HP: 25/25 MP: 1/1
  1108 | D:2      | Found Miceki Zoewn's Distillery.
  1134 | D:2      | Reached skill level 1 in Armour
  1152 | D:2      | Bought a potion of heal wounds for 50 gold pieces
  1152 | D:2      | Bought a potion of curing for 30 gold pieces
  1458 | D:2      | Found a snail-covered altar of Cheibriados.
  1853 | D:3      | Reached XP level 3. HP: 30/30 MP: 2/2
  2189 | D:3      | Reached XP level 4. HP: 34/38 MP: 3/3
  2337 | D:3      | Identified a scroll of acquirement
  2337 | D:3      | Acquired the ring of the Genius {Wiz rF++}
  2771 | D:4      | Found a glowing silver altar of Zin.
  2796 | D:4      | Noticed an ogre
  2803 | D:4      | Killed an ogre
  2804 | D:4      | Reached XP level 5. HP: 33/45 MP: 4/4
  3014 | D:4      | Found a hazy altar of Hepliaklqana.
  3240 | D:4      | Noticed an ogre
  3246 | D:4      | Killed an ogre
  3247 | D:4      | Reached XP level 6. HP: 52/52 MP: 5/5
  3449 | D:5      | Entered Level 5 of the Dungeon
  3449 | D:5      | Found Gostromy's Armour Shoppe.
  3581 | D:5      | Reached skill level 5 in Polearms
  3596 | D:5      | Reached XP level 7. HP: 28/60 MP: 6/6
  3600 | D:5      | Reached skill level 5 in Dodging
  3855 | D:5      | Reached skill level 5 in Fighting
  4069 | D:5      | Found a staircase to the Ecumenical Temple.
  4080 | Temple   | Entered the Ecumenical Temple
  4292 | Temple   | Became a worshipper of the Shining One
  4712 | D:5      | Found Yxterafri's Armour Shoppe.
  5056 | D:6      | Reached XP level 8. HP: 69/69 MP: 7/7
  5137 | D:6      | Found an iron altar of Okawaru.
  5184 | D:6      | Reached skill level 5 in Armour
  5230 | D:6      | Noticed Eustachio
  5411 | D:7      | Reached skill level 1 in Invocations
  5424 | D:6      | Killed Eustachio
  5425 | D:6      | Reached skill level 5 in Throwing
  5491 | D:6      | Found Ceohu's Distillery.
  6002 | D:7      | Reached skill level 1 in Shields
  6544 | D:8      | Reached * piety under the Shining One
  6559 | D:8      | Reached XP level 9. HP: 68/78 MP: 9/9
  6815 | D:8      | Reached skill level 2 in Shields
  6849 | D:8      | Noticed a death yak
  6850 | D:8      | Noticed a death yak
  6851 | D:8      | Noticed a death yak
  6851 | D:8      | Noticed a death yak
  6857 | D:8      | Noticed a death yak
  6860 | D:8      | Noticed a death yak
  6862 | D:8      | Killed a death yak
  6863 | D:8      | Killed a death yak
  6863 | D:8      | Killed a death yak
  6864 | D:8      | Reached skill level 4 in Shields
  6864 | D:8      | Reached XP level 10. HP: 71/86 MP: 9/11
  6869 | D:8      | Killed a death yak
  6874 | D:8      | Killed a death yak
  6876 | D:8      | Killed a death yak
  6877 | D:8      | Reached skill level 5 in Shields
  6942 | D:8      | Found a staircase to the Lair.
  6974 | D:8      | Found Pat Moav's Overcharged Wands.
  7367 | D:9      | Found Pyqoyheank's Elemental Accessories.
  7383 | D:9      | Found a blossoming altar of Fedhas.
  7406 | D:9      | Noticed Psyche
  7412 | D:9      | Noticed Prince Ribbit
  7416 | D:9      | Killed Psyche
  7430 | D:9      | Killed Prince Ribbit
  7583 | D:9      | Found a radiant altar of Vehumet.
  7653 | D:9      | Reached skill level 5 in Invocations
  7743 | D:5      | Bought a +1 kite shield of protection for 231 gold pieces
  7887 | D:9      | Noticed Grum
  7909 | D:9      | Reached ** piety under the Shining One
  8148 | D:8      | Killed Grum
  8149 | D:8      | Reached XP level 11. HP: 79/95 MP: 13/13
  8243 | D:9      | Noticed Erolcha
  8249 | D:9      | Killed Erolcha
  8250 | D:9      | Reached skill level 6 in Shields
  8341 | D:9      | Noticed Pikel
  8356 | D:9      | Killed Pikel
  8486 | Lair:1   | Entered Level 1 of the Lair of Beasts
  8490 | Lair:1   | Noticed a five-headed hydra
  8503 | D:8      | Killed a five-headed hydra
  9381 | Lair:1   | Reached skill level 7 in Shields
  9577 | Lair:1   | Noticed a six-headed hydra
  9591 | Lair:1   | Killed a six-headed hydra
  9931 | Lair:1   | Reached skill level 10 in Polearms
  9942 | Lair:1   | You fall into a shaft and drop 1 floor!
  9973 | Lair:2   | Noticed Erica
  9994 | Lair:2   | Killed Erica
  9995 | Lair:2   | Reached XP level 12. HP: 60/106 MP: 15/15
 10611 | Lair:1   | Found a blossoming altar of Fedhas.
 11885 | Lair:2   | Reached skill level 10 in Fighting
 12667 | Lair:3   | Found a staircase to the Shoals.
 12990 | Lair:3   | Reached skill level 8 in Shields
 13379 | Lair:3   | Reached skill level 10 in Armour
 13912 | D:2      | Bought a potion of magic for 80 gold pieces
 14122 | D:10     | Entered Level 10 of the Dungeon
 14167 | D:10     | Found a bloodstained altar of Trog.
 14179 | D:10     | Found a shimmering blue altar of Sif Muna.
 14185 | D:10     | Got Sif Muna's Compendium of Earth and Moulding
 14423 | D:10     | Noticed a two-headed ogre
 14432 | D:10     | Killed a two-headed ogre
 15055 | D:11     | Reached *** piety under the Shining One
 15055 | D:11     | Noticed a boulder beetle
 15067 | D:11     | Reached skill level 10 in Dodging
 15097 | D:11     | Found a staircase to the Orcish Mines.
 15097 | D:11     | Reached **** piety under the Shining One
 15141 | D:10     | Killed a boulder beetle
 15399 | D:11     | Noticed a two-headed ogre
 15431 | D:10     | Killed a two-headed ogre
 15776 | D:11     | Reached ***** piety under the Shining One
 15820 | D:11     | Noticed a death knight
 15856 | D:10     | Killed a death knight
 16316 | D:11     | Reached XP level 13. HP: 114/114 MP: 17/17
 16332 | D:11     | Identified the +7 mace of Gaofuece {pain, Str+2}
 16341 | D:11     | Identified the +4 chain mail "Ucwa" {rN+}
 16807 | D:11     | Noticed Josephine
 16812 | D:11     | Reached skill level 9 in Shields
 16819 | D:11     | Killed Josephine
 17349 | Lair:3   | You fall into a shaft and drop 2 floors!
 17376 | Lair:5   | You fall into a shaft and drop 1 floor!
 17376 | Lair:6   | Entered Level 6 of the Lair of Beasts
 17376 | Lair:6   | Noticed Nessos
 17383 | Lair:6   | Killed Nessos
 17387 | Lair:6   | Found a frozen archway.
 17395 | IceCv    | Entered an ice cave
 17719 | IceCv    | Reached ****** piety under the Shining One
 17892 | IceCv    | Gained mutation: You are frail. (-10% HP) [potion of
                  | mutation]
 17892 | IceCv    | Gained mutation: You are partially covered in iridescent
                  | scales. (AC +2) [potion of mutation]
 17892 | IceCv    | Gained mutation: You sometimes lose the ability to read
                  | scrolls when taking damage. [potion of mutation]
 17892 | IceCv    | Gained mutation: You are mostly covered in iridescent
                  | scales. (AC +4) [potion of mutation]
 18264 | IceCv    | Found an ancient bone altar of Kikubaaqudgha.
 19305 | IceCv    | Identified the ring of Ciygowk {Fly rN+}
 20043 | Lair:4   | Reached skill level 10 in Shields
 20064 | Lair:4   | Reached skill level 10 in Throwing
 20212 | Lair:4   | Reached XP level 14. HP: 112/112 MP: 19/19
 20338 | Lair:4   | Found a dark tunnel.
 20356 | Volcano  | Entered a volcano
 20730 | Lair:4   | Found a staircase to the Snake Pit.
 22370 | Lair:6   | Noticed Rupert
 22408 | Lair:6   | Killed Rupert
 22784 | Lair:6   | Found a staircase to the Slime Pits.
 23782 | D:12     | Identified the +3 kite shield of Indomitability {Contam rN+
                  | Will+}
 23816 | D:12     | Noticed Kirke
 23831 | D:12     | Killed Kirke
 23837 | D:12     | Got the Handbook of Flight
 23907 | D:12     | Reached skill level 11 in Shields
 24560 | Orc:1    | Entered Level 1 of the Orcish Mines
 25020 | Orc:2    | Entered Level 2 of the Orcish Mines
 25314 | Orc:2    | Found a staircase to the Elven Halls.
 25910 | Orc:1    | Reached XP level 15. HP: 90/120 MP: 21/21
 26095 | Orc:2    | Found Ewky's Magic Scroll Boutique.
 26109 | Orc:2    | Found Wolaujap's General Store.
 26563 | Orc:2    | Bought a scroll of blinking for 97 gold pieces
 26563 | Orc:2    | Bought a scroll of identify for 26 gold pieces
 26563 | Orc:2    | Bought a scroll of identify for 26 gold pieces
 26563 | Orc:2    | Bought a scroll of identify for 26 gold pieces
 26995 | Orc:2    | Reached skill level 10 in Invocations
 27236 | Orc:2    | Found Ebierohoa's Book Emporium.
 27236 | Orc:2    | Found Erghacu's Antique Weapon Shoppe.
 27236 | Orc:2    | Found a one-way gate leading to the halls of Pandemonium.
 27426 | Orc:2    | Noticed an orc warlord
 27449 | Orc:2    | Killed an orc warlord
 27943 | Shoals:1 | Entered Level 1 of the Shoals
 28458 | Shoals:4 | Entered Level 4 of the Shoals
 28807 | Shoals:3 | Identified a +3 trishula of holy wrath (a +1 demon trident
                  | of freezing blessed by the Shining One)
 28807 | Shoals:3 | Received a gift from the Shining One
 29915 | Shoals:1 | Reached skill level 12 in Shields
 30761 | Shoals:1 | Reached skill level 13 in Shields
 31407 | Shoals:2 | Reached XP level 16. HP: 128/128 MP: 22/22
 31537 | Shoals:2 | Reached skill level 14 in Shields
 33159 | D:13     | Lost mutation: You sometimes lose the ability to read
                  | scrolls when taking damage. [potion of mutation]
 33159 | D:13     | Lost mutation: You are frail. (-10% HP) [potion of
                  | mutation]
 33159 | D:13     | Gained mutation: Your muscles are strong. (Str +2) [potion
                  | of mutation]
 33159 | D:13     | Gained mutation: Your skin changes colour to match your
                  | surroundings (Stealth+). [potion of mutation]
 33592 | D:13     | Reached skill level 15 in Shields
 33731 | D:13     | Found a gate to the Vaults.
 33839 | D:13     | Reached skill level 1 in Evocations
 34223 | D:14     | Found Hauhem's Jewellery Shop.
 34840 | D:15     | Entered Level 15 of the Dungeon
 35417 | D:15     | Found a staircase to the Depths.
 35870 | Snake:1  | Entered Level 1 of the Snake Pit
 36407 | Snake:1  | HP: 7/145 [naga mage (19)]
 36410 | Snake:1  | Succumbed to a naga ritualist's toxic radiance

Illustrated notes

Levels and vault maps discovered:
D:1:      dpeg_arrival_simpleton_a, layout_basic, shapermc_ecumenical_altar_gd
D:2:      layout_basic, basic_altar, serial_shops, nicolae_shop_waterfront
D:3:      layout_loops_ring, bh_walls_and_bars
D:4:      layout_loops_ring, nicolae_overflow_hidden_temple,
          overflow_temple_1_default
D:5:      layout_basic, temple_doors_e, nicolae_take_the_stairs,
          minmay_misc_feat_five, nicolae_stop_n_shop_1,
          kennysheep_generic_room_7
D:6:      layout_cave_pools, okawaru_metal_pillars_1_2, serial_shops, shop,
          uniq_eustachio
D:7:      layout_rooms
D:8:      layout_loops_ring, dpeg_lair_monsters, nicolae_shop_overcharged_wands
D:9:      layout_long_grid, nicolae_vehumet_altar_sigil, fedhas_ov_isle_minmay,
          nicolae_elemental_shop, uniq_erolcha, uniq_grum, uniq_psyche,
          uniq_prince_ribbit1, uniq_pikel
D:10:     layout_loops_corners, nzn_overflow_gifts_of_might_and_magic
D:11:     layout_loops_cross, zombieorc2_lemuel, serial_glass, glass_columns_b,
          glass_columns_c, hangedman_weighted_door, uniq_josephine
D:12:     layout_basic, serial_glass, glass_columns_b, glass_columns_a,
          glass_columns_a, minmay_misc_feat_x, uniq_kirke
D:13:     layout_loops_ring, grunt_vaults_entry_fortified
D:14:     layout_irregular_city, nicolae_stop_n_shop_2
D:15:     gammafunk_enter_depths_forms, layout_loops_ring, minmay_misc_feat_room
Temple:   regret_index_temple_generic_petals
Lair:1:   layout_gridlike, chequers_serial_rivers_micro_c,
          hangedman_tree_tricks, beast_lair_carwin_6,
          infiniplex_staircase_pool_2, grunt_megastairs_5
Lair:2:   layout_gridlike, gammafunk_lair_bear_cave, uniq_erica
Lair:3:   layout_small_grid, elwin_shoals_entry_stream
Lair:4:   layout_regular_city, guppyfry_snake_entry_garden, enter_volcano_4
Lair:5:   layout_gridlike, patterned_corridor, grunt_megastairs_4
Lair:6:   hangedman_lair_tendril_chambers, layout_regular_city,
          minmay_slime_entry_jelly_boxes, portal_ice_cave_entry_pillars_2,
          gauntlet_entry_generic, fungi_pond_lemuel, uniq_rupert, uniq_nessos
Shoals:1: layout_shoals, hangedman_shoals_cup_caves
Shoals:2: layout_shoals, nicolae_shoals_this_corrosion
Shoals:3: layout_shoals
Shoals:4: shoals_end_hangedman, layout_shoals
Snake:1:  layout_misc_corridors, serial_shops, bzr_entry_water, shop, shop,
          basic_altar, st_stairs_1, grunt_megastairs_3, minmay_shop_grove,
          lemuel_fruit_tree, uniq_aizul, uniq_asterion
Orc:1:    layout_caves, basic_altar
Orc:2:    pf_orc_diabolical, layout_caves, basic_altar

Skill      XL: |  1  2  3  4  5  6  7  8  9 10 11 12 13 14 15 16 |
---------------+-------------------------------------------------+-----
Armour         | 1 2 3 4 5 7 8 9 10 11 12 13 | 13.7
Polearms       | 4 5 6 7 8 9 10 11 12 14 | 14.0
Fighting       | 3 4 5 6 7 8 9 10 11 12 13 | 13.8
Throwing       | 3 4 5 6 7 8 9 10 11 | 11.2
Dodging        | 4 5 6 7 8 9 10 11 12 13 | 13.1
Invocations    | 2 3 5 6 7 8 9 10 11 | 11.0
Shields        | 1 4 5 7 8 10 11 13 15 | 15.0
Evocations     | 3 |  3.5

Action                   |  1- 3 |  4- 6 |  7- 9 | 10-12 | 13-15 | 16-18 || total
-------------------------+-------+-------+-------+-------+-------+-------++-------
Melee: Trident           |    58 |    77 |   159 |   749 |  1409 |       ||  2452
       Headbutt          |     6 |     9 |    35 |   191 |   408 |    89 ||   738
       Unarmed           |       |       |       |    15 |       |       ||    15
       Trishula          |       |       |       |       |   285 |   525 ||   810
Throw: Dart              |       |       |    16 |    44 |    96 |     5 ||   161
       Throwing net      |       |       |     4 |     1 |       |       ||     5
       Javelin           |       |       |       |    42 |     7 |       ||    49
Invok: Divine Shield     |       |       |       |     1 |     1 |       ||     2
       Cleansing Flame   |       |       |       |       |     4 |       ||     4
       Summon Divine War |       |       |       |       |     2 |       ||     2
       Brand Weapon With |       |       |       |       |     1 |       ||     1
Evoke: Wand              |       |       |     7 |     7 |    25 |       ||    39
  Use: Scroll            |     5 |     6 |     4 |     3 |    11 |     3 ||    32
       Potion            |       |     1 |     2 |       |    11 |     2 ||    16
 Stab: Sleeping          |     1 |       |       |       |       |       ||     1
Armor: Leather armour    |     8 |     1 |       |       |       |       ||     9
       Chain mail        |       |    29 |    94 |   214 |   388 |    60 ||   785
       Skin              |       |       |       |     5 |       |       ||     5
Dodge: Dodged            |    31 |    36 |   137 |   371 |   681 |   130 ||  1386
Block: Kite shield       |       |       |    35 |   444 |  1063 |   245 ||  1787
